BUFFALO Sabres vs TAMPA BAY Lightning

Created - 29 novembre 2018 at 16:54

Goals
1 2 3 T
BUFFALO Sabres 3 0 1 4
TAMPA BAY Lightning 1 0 1 2
Shots
1 2 3 T
BUFFALO Sabres 12 8 7 27
TAMPA BAY Lightning 4 4 10 18

1st period

1. TAMPA BAY Lightning , Brady Skjei 3 (Bryan Rust 12, Mikael Backlund 11) at 1:12
2. BUFFALO Sabres , Brayden Point 7 (James Neal 7, Tyson Barrie 12) at 5:02
3. BUFFALO Sabres , Tyler Johnson 5 (Nazem Kadri 3, John Klingberg 10) at 7:37
4. BUFFALO Sabres , Jaden Schwartz 6 (Henrik Zetterberg 8, Tyson Barrie 13) at 13:34

Penalties :
Ryan Kesler (TBL) for Tripping (Minor) at 9:43, Luca Sbisa (TBL) for Holding (Minor) at 14:21, Henrik Zetterberg (BUF) for Hooking (Minor) at 18:16

2nd period

No Goal

Penalties :
James Neal (BUF) for Tripping (Minor) at 1:35, Mike Green (BUF) for Hooking (Minor) at 4:43, Nathan MacKinnon (BUF) for Slashing (Minor) at 13:52

3rd period

5. TAMPA BAY Lightning , Bryan Rust 9 (David Savard 5, Mikael Backlund 12) at 6:00 (PP)
6. BUFFALO Sabres , Brent Burns 2 (Nathan MacKinnon 11, Jaden Schwartz 16) at 19:37 (Empty Net)

Penalties :
Brent Burns (BUF) for Roughing (Minor) at 4:31, Brandon Davidson (TBL) for Hooking (Minor) at 9:13, James Neal (BUF) for Tripping (Minor) at 19:50

Goalie Stats

Braden Holtby (BUF), 16 saves from 18 shots - (0,889), W, 18-6-1, 60:00 minutes
Calvin Pickard (TBL), 23 saves from 26 shots - (0,885), L, 4-4-1, 58:56 minutes

Players Stats for BUFFALO Sabres

Player Name              G  A  P  +/- PIM S  H  SB GA TA FO     MP     PP MP  PK MP  
------------------------------------------------------------------------------------
Artemi Panarin           0  0  0   0  0   3  0  0  0  0  0/2    17:01   3:10   0:18 
Brayden Point            1  0  1   0  0   2  0  0  0  0  9/24   20:39   3:10   3:56 
Brent Burns              1  0  1   2  2   1  6  1  0  0  0/0    26:26   2:47   4:46 
Brett Pesce              0  0  0   0  0   2  0  4  0  0  0/0    17:09   0:00   4:20 
Elias Lindholm           0  0  0   1  0   2  3  0  0  0  0/1     9:51   0:00   0:00 
Henrik Zetterberg        0  1  1   2  2   0  0  0  0  0  1/2    20:03   2:47   0:16 
Jaden Schwartz           1  1  2   2  0   4  1  0  0  0  0/1    22:32   2:47   2:44 
James Neal               0  1  1   0  4   0  2  1  0  0  1/1    16:41   3:10   0:00 
Jesper Bratt             0  0  0   0  0   1  0  0  0  0  0/0     4:04   0:00   0:00 
John Klingberg           0  1  1   2  0   1  1  0  0  0  0/0    23:05   2:47   4:04 
Luke Glendening          0  0  0   0  0   0  1  0  0  0  9/16    9:42   0:00   5:38 
Mike Green               0  0  0   0  2   1  2  1  0  0  0/0    16:26   3:10   0:28 
Nathan MacKinnon         0  1  1   2  2   1  1  0  0  0  9/23   19:47   2:47   0:00 
Nazem Kadri              0  1  1   1  0   1  2  0  0  0  5/9     9:51   0:00   0:00 
Ryan Ellis               0  0  0   1  0   2  0  1  0  0  0/0    20:56   0:00   5:30 
Tyler Johnson            1  0  1   1  0   3  0  0  0  0  1/1    16:07   0:00   6:16 
Tyson Barrie             0  2  2   1  0   3  1  0  0  0  0/0    15:56   3:10   0:00 
Vladimir Sobotka         0  0  0   0  0   0  1  0  0  0  1/2     4:04   0:00   0:00 

Players Stats for TAMPA BAY Lightning

Player Name              G  A  P  +/- PIM S  H  SB GA TA FO     MP     PP MP  PK MP  
------------------------------------------------------------------------------------
Brady Skjei              1  0  1   0  0   1  0  1  0  0  0/0    20:55   7:03   0:52 
Brandon Davidson         0  0  0  -1  2   0  1  0  0  0  0/0    16:22   2:31   0:14 
Bryan Rust               1  1  2   0  0   3  1  0  0  0  1/2    20:34   3:03   3:51 
Cedric Paquette          0  0  0   0  0   0  0  0  0  0  3/4     5:37   0:00   1:48 
Conor Sheary             0  0  0   0  0   0  2  0  0  0  3/4    18:00   3:03   1:17 
Danton Heinen            0  0  0  -1  0   1  0  0  0  0  0/1    11:19   0:00   0:14 
David Backes             0  0  0  -1  0   2  0  0  0  0  6/14   11:05   0:00   0:00 
David Savard             0  1  1   0  0   0  0  1  0  0  0/0    21:23   5:31   2:52 
Filip Forsberg           0  0  0  -2  0   1  1  2  0  0  0/1    22:40   6:31   0:14 
Karl Alzner              0  0  0  -1  0   0  1  1  0  0  0/0    16:43   0:00   3:05 
Luca Sbisa               0  0  0  -2  2   1  3  4  0  0  0/0    19:49   0:00   1:59 
Mats Zuccarello          0  0  0  -2  0   3  0  0  0  0  1/2    22:26   6:31   0:00 
Matt Martin              0  0  0   0  0   0  1  0  0  0  0/0     3:49   0:00   0:00 
Mikael Backlund          0  2  2   0  0   2  2  0  0  0  14/28  20:38   3:03   3:55 
Patrick Maroon           0  0  0  -1  0   0  0  0  0  0  0/0    11:05   0:00   0:00 
Ryan Kesler              0  0  0  -2  2   2  1  0  0  0  18/26  23:00   6:31   0:35 
Seth Jones               0  0  0  -2  0   1  4  2  0  0  0/0    24:46   4:03   2:52 
William Carrier          0  0  0   0  0   1  0  0  0  0  0/0     3:49   0:00   0:00 

3 Stars

1 - Jaden Schwartz (BUF)
2 - Brent Burns (BUF)
3 - Tyson Barrie (BUF)

Power Play

BUFFALO Sabres - 0 on 3 Attempt(s) - 0,00%
TAMPA BAY Lightning - 1 on 6 Attempt(s) - 16,67%

Penalty Kill

BUFFALO Sabres - 5 on 6 Attempt(s) - 83,33% - Score 0 goal in Penalty Kill
TAMPA BAY Lightning - 3 on 3 Attempt(s) - 100,00% - Score 0 goal in Penalty Kill

Team Stat

BUFFALO Sabres - Hits : 21 - Faceoff Wins : 36 - Blocked Shots : 8 - Penalty Minutes : 12
TAMPA BAY Lightning - Hits : 17 - Faceoff Wins : 46 - Blocked Shots : 11 - Penalty Minutes : 6

Official

Referees : Unknown
Linesman : Unknown

Game Notes

Brent Burns has scored in a empty net!

Finance

Level 1 -- Attendance: 5172 (73,89%) -- Ticket Income 517 200 $
Level 2 -- Attendance: 4138 (73,89%) -- Ticket Income 248 280 $
Level 3 -- Attendance: 2022 (99,46%) -- Ticket Income 70 770 $
Level 4 -- Attendance: 3977 (99,40%) -- Ticket Income 79 540 $
Luxury Box -- Attendance: 810 (80,12%) -- Ticket Income 162 000 $
Game was played at the Amalie Arena.
Total Attendance: 16119 (82,05%)
Total Ticket Income: 1 077 790 $
Other Income: 420 338 $
Total Income: 1 498 128 $

BUFFALO Sabres

5 vs 5 Forward 
   Center                   Left Wing                Right Wing               Time % Phy DF OF 
 1 Nathan MacKinnon         Henrik Zetterberg        Jaden Schwartz           40     1   2  2  
 2 Brayden Point            Artemi Panarin           James Neal               30     1   2  2  
 3 Nazem Kadri              Tyler Johnson            Elias Lindholm           20     1   2  2  
 4 Luke Glendening          Jesper Bratt             Vladimir Sobotka         10     1   2  2  

5 vs 5 Defense 
   Defense                  Defense                                           Time % Phy DF OF 
 1 Brent Burns              John Klingberg                                    40     1   2  2  
 2 Ryan Ellis               Tyson Barrie                                      30     1   2  2  
 3 Mike Green               Brett Pesce                                       20     1   2  2  
 4 Brent Burns              Ryan Ellis                                        10     1   2  2  

PowerPlay Forward 
   Center                   Left Wing                Right Wing               Time % Phy DF OF 
 1 Nathan MacKinnon         Henrik Zetterberg        Jaden Schwartz           60     1   2  2  
 2 Brayden Point            Artemi Panarin           James Neal               40     1   2  2  

PowerPlay Defense
   Defense                  Defense                                           Time % Phy DF OF 
 1 Brent Burns              John Klingberg                                    60     1   2  2  
 2 Mike Green               Tyson Barrie                                      40     1   2  2  

Penalty Kill 4 Players Forward 
   Center                   Wing                     Time % Phy DF OF 
 1 Luke Glendening          Tyler Johnson            60     1   2  2  
 2 Brayden Point            Jaden Schwartz           40     1   2  2  

Penalty Kill 4 Players Defense
   Defense                  Defense                  Time % Phy DF OF 
 1 Brent Burns              Ryan Ellis               60     1   2  2  
 2 John Klingberg           Brett Pesce              40     1   2  2  

Penalty Kill - 3 Players Forward 
   Forward                                           Time % Phy DF OF 
 1 Luke Glendening                                   60     1   2  2  
 2 Tyler Johnson                                     40     1   2  2  

Penalty Kill - 3 Players Defense
   Defense                  Defense                  Time % Phy DF OF 
 1 Brent Burns              Ryan Ellis               60     1   2  2  
 2 John Klingberg           Brett Pesce              40     1   2  2  

4 vs 4 Forward 
   Center                   Wing                     Time % Phy DF OF 
 1 Nathan MacKinnon         Artemi Panarin           60     1   2  2  
 2 Brayden Point            Jaden Schwartz           40     1   2  2  

4 vs 4 Defense
   Defense                  Defense                  Time % Phy DF OF 
 1 Brent Burns              John Klingberg           60     1   2  2  
 2 Mike Green               Tyson Barrie             40     1   2  2  

Last Minutes Offensive
   Center                   Left Wing                Right Wing               Defense                  Defense                  
   Nathan MacKinnon         Artemi Panarin           Jaden Schwartz           Brent Burns              Ryan Ellis               

Last Minutes Defensive
   Center                   Left Wing                Right Wing               Defense                  Defense                  
   Brayden Point            Tyler Johnson            Jaden Schwartz           Brent Burns              Ryan Ellis               

Goaltenders
Starting : Braden Holtby            
Backup : Alexandar Georgiev       

Extra Forwards
Normal : Nathan MacKinnon, Artemi Panarin, Jaden Schwartz - PP : Nathan MacKinnon, Artemi Panarin - PK : Tyler Johnson
Extra Defensemen
Normal : Brent Burns, Ryan Ellis, John Klingberg - PP : Brent Burns - PK : Ryan Ellis, Brett Pesce
Penalty Shots
Nathan MacKinnon, Artemi Panarin, Jaden Schwartz, Henrik Zetterberg, Brayden Point

TAMPA BAY Lightning

5 vs 5 Forward 
   Center                   Left Wing                Right Wing               Time % Phy DF OF 
 1 Ryan Kesler              Mats Zuccarello          Filip Forsberg           40     1   1  3  
 2 Mikael Backlund          Bryan Rust               Conor Sheary             32     1   2  2  
 3 David Backes             Danton Heinen            Patrick Maroon           20     1   2  2  
 4 Cedric Paquette          William Carrier          Matt Martin              8      5   0  0  

5 vs 5 Defense 
   Defense                  Defense                                           Time % Phy DF OF 
 1 Luca Sbisa               Seth Jones                                        40     1   2  2  
 2 Brady Skjei              David Savard                                      30     1   2  2  
 3 Brandon Davidson         Karl Alzner                                       20     1   2  2  
 4 Seth Jones               Luca Sbisa                                        10     1   2  2  

PowerPlay Forward 
   Center                   Left Wing                Right Wing               Time % Phy DF OF 
 1 Ryan Kesler              Filip Forsberg           Mats Zuccarello          60     1   1  3  
 2 Mikael Backlund          Bryan Rust               Conor Sheary             40     1   1  3  

PowerPlay Defense
   Defense                  Defense                                           Time % Phy DF OF 
 1 Seth Jones               Brady Skjei                                       60     1   1  3  
 2 Brady Skjei              David Savard                                      40     1   2  2  

Penalty Kill 4 Players Forward 
   Center                   Wing                     Time % Phy DF OF 
 1 Mikael Backlund          Bryan Rust               65     1   2  2  
 2 Ryan Kesler              Cedric Paquette          35     1   2  2  

Penalty Kill 4 Players Defense
   Defense                  Defense                  Time % Phy DF OF 
 1 Seth Jones               David Savard             60     1   2  2  
 2 Luca Sbisa               Karl Alzner              40     1   2  2  

Penalty Kill - 3 Players Forward 
   Forward                                           Time % Phy DF OF 
 1 Ryan Kesler                                       60     1   2  2  
 2 Mikael Backlund                                   40     1   2  2  

Penalty Kill - 3 Players Defense
   Defense                  Defense                  Time % Phy DF OF 
 1 Seth Jones               David Savard             60     1   2  2  
 2 Luca Sbisa               Karl Alzner              40     1   2  2  

4 vs 4 Forward 
   Center                   Wing                     Time % Phy DF OF 
 1 Ryan Kesler              Filip Forsberg           60     1   2  2  
 2 Mikael Backlund          Mats Zuccarello          40     1   2  2  

4 vs 4 Defense
   Defense                  Defense                  Time % Phy DF OF 
 1 Seth Jones               Luca Sbisa               60     1   2  2  
 2 David Savard             Brady Skjei              40     1   2  2  

Last Minutes Offensive
   Center                   Left Wing                Right Wing               Defense                  Defense                  
   Ryan Kesler              Mats Zuccarello          Filip Forsberg           Seth Jones               Brady Skjei              

Last Minutes Defensive
   Center                   Left Wing                Right Wing               Defense                  Defense                  
   Ryan Kesler              Mats Zuccarello          Filip Forsberg           Seth Jones               Karl Alzner              

Goaltenders
Starting : Calvin Pickard           
Backup : Cory Schneider           

Extra Forwards
Normal : David Backes, Bryan Rust, Conor Sheary - PP : David Backes, Bryan Rust - PK : Conor Sheary
Extra Defensemen
Normal : Brady Skjei, Karl Alzner, Luca Sbisa - PP : Brady Skjei - PK : Brady Skjei, Luca Sbisa
Penalty Shots
Conor Sheary, Filip Forsberg, Patrick Maroon, Seth Jones, Ryan Kesler


% Time on Ice - BUFFALO Sabres

Lines # - Real PCT - Wanted PCT - Time Play
Normal Forward
1 - 38% - 40% - 17:01
2 - 30% - 30% - 13:33
3 - 22% - 20% - 9:51
4 - 9% - 10% - 4:04
Normal Defense
1 - 36% - 40% - 16:14
2 - 29% - 30% - 12:46
3 - 29% - 20% - 12:49
4 - 6% - 10% - 2:40
PP Forward
1 - 47% - 60% - 2:47
2 - 53% - 40% - 3:10
PP Defense
1 - 47% - 60% - 2:47
2 - 53% - 40% - 3:10
PK Forward
1 - 71% - 60% - 6:50
2 - 29% - 40% - 2:44
PK Defense
1 - 62% - 60% - 5:58
2 - 38% - 40% - 3:36
PK3 Forward
1 - 0% - 60%
2 - 0% - 40%
PK3 Defense
1 - 0% - 60%
2 - 0% - 40%
44 Forward
1 - 0% - 60%
2 - 0% - 40%
44 Defense
1 - 0% - 60%
2 - 0% - 40%
Last Minute Offensive  - 0:00
Last Minute Defensive  - 0:00
Total
Forward - 60:00
Defense - 60:00

% Time on Ice - TAMPA BAY Lightning

Lines # - Real PCT - Wanted PCT - Time Play
Normal Forward
1 - 36% - 40% - 15:55
2 - 31% - 32% - 13:40
3 - 25% - 20% - 11:05
4 - 9% - 8% - 3:49
Normal Defense
1 - 38% - 40% - 17:00
2 - 29% - 30% - 13:00
3 - 31% - 20% - 13:38
4 - 2% - 10% - 0:51
PP Forward
1 - 68% - 60% - 6:31
2 - 32% - 40% - 3:03
PP Defense
1 - 42% - 60% - 4:03
2 - 58% - 40% - 5:31
PK Forward
1 - 85% - 65% - 5:03
2 - 15% - 35% - 0:54
PK Defense
1 - 48% - 60% - 2:52
2 - 52% - 40% - 3:05
PK3 Forward
1 - 0% - 60%
2 - 0% - 40%
PK3 Defense
1 - 0% - 60%
2 - 0% - 40%
44 Forward
1 - 0% - 60%
2 - 0% - 40%
44 Defense
1 - 0% - 60%
2 - 0% - 40%
Last Minute Offensive  - 0:00
Last Minute Defensive  - 0:00
Total
Forward - 60:00
Defense - 60:00

Play by Play

1st period


0:01 of 1st period - Ryan Kesler wins face-off versus Nathan MacKinnon in neutral zone.
0:24 of 1st period - Jaden Schwartz is hit by Luca Sbisa and loses puck.
1:06 of 1st period - Icing by Ryan Ellis.
1:07 of 1st period - Mikael Backlund wins face-off versus Brayden Point in BUFFALO Sabres zone.
1:10 of 1st period - Shot by Bryan Rust.
1:10 of 1st period - Shot Misses the Net.
1:12 of 1st period - Shot by Brady Skjei.
1:12 of 1st period - Goal by Brady Skjei - BUFFALO Sabres : 0 - TAMPA BAY Lightning : 1.
1:13 of 1st period - David Backes wins face-off versus Nazem Kadri in neutral zone.
1:13 of 1st period - David Backes is hit by Nazem Kadri.
1:16 of 1st period - Patrick Maroon is hit by Mike Green and loses puck.
1:22 of 1st period - Off-side.
1:23 of 1st period - Luke Glendening wins face-off versus Mikael Backlund in neutral zone.
2:14 of 1st period - David Savard is hit by Luke Glendening and loses puck.
2:34 of 1st period - Shot by Brett Pesce.
2:34 of 1st period - Stopped by Calvin Pickard without a rebound.
2:35 of 1st period - David Backes wins face-off versus Nazem Kadri in TAMPA BAY Lightning zone.
2:35 of 1st period - Karl Alzner is hit by Nazem Kadri.
2:52 of 1st period - Tyler Johnson is hit by Karl Alzner.
3:21 of 1st period - Patrick Maroon is hit by Elias Lindholm and loses puck.
3:48 of 1st period - Icing by Brett Pesce.
3:49 of 1st period - Ryan Kesler wins face-off versus Nathan MacKinnon in BUFFALO Sabres zone.
4:01 of 1st period - Icing by Brett Pesce.
4:02 of 1st period - Nathan MacKinnon wins face-off versus Cedric Paquette in BUFFALO Sabres zone.
4:02 of 1st period - Nathan MacKinnon is hit by Matt Martin.
4:18 of 1st period - Shot by Jaden Schwartz.
4:18 of 1st period - Shot Blocked by Seth Jones.
4:20 of 1st period - Shot by Brett Pesce.
4:20 of 1st period - Stopped by Calvin Pickard with a rebound.
4:22 of 1st period - Shot by Henrik Zetterberg.
4:22 of 1st period - Shot Misses the Net.
5:02 of 1st period - Shot by James Neal.
5:02 of 1st period - Deflect By Brayden Point.
5:02 of 1st period - Goal by Brayden Point - BUFFALO Sabres : 1 - TAMPA BAY Lightning : 1.
5:03 of 1st period - Ryan Kesler wins face-off versus Elias Lindholm in neutral zone.
5:21 of 1st period - Shot by Elias Lindholm.
5:21 of 1st period - Shot Misses the Net.
5:23 of 1st period - Shot by Elias Lindholm.
5:23 of 1st period - Stopped by Calvin Pickard without a rebound.
5:24 of 1st period - Brayden Point wins face-off versus Conor Sheary in TAMPA BAY Lightning zone.
5:25 of 1st period - Shot by Artemi Panarin.
5:25 of 1st period - Stopped by Calvin Pickard without a rebound.
5:26 of 1st period - Brayden Point wins face-off versus Mikael Backlund in TAMPA BAY Lightning zone.
7:04 of 1st period - Nathan MacKinnon is hit by Seth Jones and loses puck.
7:09 of 1st period - Shot by Henrik Zetterberg.
7:09 of 1st period - Shot Blocked by Luca Sbisa.
7:18 of 1st period - Jaden Schwartz is hit by Seth Jones and loses puck.
7:37 of 1st period - Shot by Tyler Johnson.
7:37 of 1st period - Goal by Tyler Johnson - BUFFALO Sabres : 2 - TAMPA BAY Lightning : 1.
7:38 of 1st period - Luke Glendening wins face-off versus David Backes in neutral zone.
7:53 of 1st period - Shot by Jesper Bratt.
7:53 of 1st period - Stopped by Calvin Pickard without a rebound.
7:54 of 1st period - Nazem Kadri wins face-off versus Mikael Backlund in TAMPA BAY Lightning zone.
8:00 of 1st period - Icing by Brandon Davidson.
8:01 of 1st period - Mikael Backlund wins face-off versus Brayden Point in TAMPA BAY Lightning zone.
8:01 of 1st period - Bryan Rust is hit by James Neal and loses puck.
8:29 of 1st period - Shot by Karl Alzner.
8:29 of 1st period - Shot Blocked by Brett Pesce.
9:43 of 1st period - Minor Penalty to Ryan Kesler for Tripping.
9:44 of 1st period - Mikael Backlund wins face-off versus Brayden Point in TAMPA BAY Lightning zone.
9:44 of 1st period - Mikael Backlund is hit by James Neal.
10:03 of 1st period - Icing by Artemi Panarin.
10:04 of 1st period - Mikael Backlund wins face-off versus Brayden Point in BUFFALO Sabres zone.
10:15 of 1st period - Shot by Tyson Barrie.
10:15 of 1st period - Stopped by Calvin Pickard with a rebound.
10:17 of 1st period - Shot by James Neal.
10:17 of 1st period - Shot Misses the Net.
10:32 of 1st period - Icing by Jaden Schwartz.
10:33 of 1st period - Nathan MacKinnon wins face-off versus Mikael Backlund in BUFFALO Sabres zone.
11:01 of 1st period - Shot by John Klingberg.
11:01 of 1st period - Stopped by Calvin Pickard without a rebound.
11:02 of 1st period - Mikael Backlund wins face-off versus Brayden Point in TAMPA BAY Lightning zone.
11:16 of 1st period - Off-side.
11:17 of 1st period - Conor Sheary wins face-off versus Jaden Schwartz in neutral zone.
12:15 of 1st period - Icing by Filip Forsberg.
12:16 of 1st period - Ryan Kesler wins face-off versus Artemi Panarin in TAMPA BAY Lightning zone.
13:11 of 1st period - Off-side.
13:12 of 1st period - David Backes wins face-off versus Henrik Zetterberg in neutral zone.
13:22 of 1st period - Shot by David Backes.
13:22 of 1st period - Stopped by Braden Holtby without a rebound.
13:23 of 1st period - Mikael Backlund wins face-off versus Nazem Kadri in BUFFALO Sabres zone.
13:28 of 1st period - Shot by Bryan Rust.
13:28 of 1st period - Stopped by Braden Holtby without a rebound.
13:29 of 1st period - Nathan MacKinnon wins face-off versus Bryan Rust in BUFFALO Sabres zone.
13:34 of 1st period - Shot by Jaden Schwartz.
13:34 of 1st period - Goal by Jaden Schwartz - BUFFALO Sabres : 3 - TAMPA BAY Lightning : 1.
13:35 of 1st period - Ryan Kesler wins face-off versus Nathan MacKinnon in neutral zone.
13:38 of 1st period - Shot by Filip Forsberg.
13:38 of 1st period - Shot Misses the Net.
14:06 of 1st period - Shot by Filip Forsberg.
14:06 of 1st period - Shot Misses the Net.
14:21 of 1st period - Minor Penalty to Luca Sbisa for Holding.
14:22 of 1st period - Mikael Backlund wins face-off versus Brayden Point in TAMPA BAY Lightning zone.
15:32 of 1st period - Conor Sheary is hit by Jaden Schwartz and loses puck.
16:11 of 1st period - Shot by Mike Green.
16:11 of 1st period - Stopped by Calvin Pickard without a rebound.
16:12 of 1st period - Brayden Point wins face-off versus Mikael Backlund in TAMPA BAY Lightning zone.
16:19 of 1st period - Shot by Artemi Panarin.
16:19 of 1st period - Shot Misses the Net.
16:21 of 1st period - Shot by Artemi Panarin.
16:21 of 1st period - Shot Blocked by David Savard.
16:33 of 1st period - Shot by Ryan Kesler.
16:33 of 1st period - Shot Hit the Post.
16:41 of 1st period - Shot by Ryan Ellis.
16:41 of 1st period - Stopped by Calvin Pickard without a rebound.
16:42 of 1st period - David Backes wins face-off versus Vladimir Sobotka in TAMPA BAY Lightning zone.
16:56 of 1st period - Icing by Mike Green.
16:57 of 1st period - Ryan Kesler wins face-off versus Luke Glendening in BUFFALO Sabres zone.
17:00 of 1st period - Shot by Filip Forsberg.
17:00 of 1st period - Shot Blocked by Mike Green.
17:02 of 1st period - Shot by Mats Zuccarello.
17:02 of 1st period - Shot Hit the Post.
17:04 of 1st period - Shot by Karl Alzner.
17:04 of 1st period - Shot Blocked by Brett Pesce.
17:06 of 1st period - Shot by Ryan Kesler.
17:06 of 1st period - Shot Blocked by Brett Pesce.
17:08 of 1st period - Shot by Filip Forsberg.
17:08 of 1st period - Shot Misses the Net.
17:16 of 1st period - Shot by Filip Forsberg.
17:16 of 1st period - Shot Misses the Net.
17:19 of 1st period - Mats Zuccarello is hit by Mike Green and loses puck.
18:15 of 1st period - Icing by Luca Sbisa.
18:16 of 1st period - Mikael Backlund wins face-off versus Nathan MacKinnon in TAMPA BAY Lightning zone.
18:16 of 1st period - Minor Penalty to Henrik Zetterberg for Hooking.
18:17 of 1st period - Ryan Kesler wins face-off versus Brayden Point in BUFFALO Sabres zone.
18:50 of 1st period - Shot by Ryan Kesler.
18:50 of 1st period - Stopped by Braden Holtby without a rebound.
18:51 of 1st period - Luke Glendening wins face-off versus Mikael Backlund in BUFFALO Sabres zone.
18:53 of 1st period - Tyler Johnson is hit by Mikael Backlund and loses puck.
19:08 of 1st period - Conor Sheary is hit by Brent Burns and loses puck.
Goals for this period are 3 for BUFFALO Sabres vs 1 for TAMPA BAY Lightning.
Shots for this period are 12 for BUFFALO Sabres vs 4 for TAMPA BAY Lightning.

2nd period


0:01 of 2nd period - Ryan Kesler wins face-off versus Luke Glendening in neutral zone.
0:23 of 2nd period - Off-side.
0:24 of 2nd period - Conor Sheary wins face-off versus Nathan MacKinnon in neutral zone.
0:30 of 2nd period - Icing by Brent Burns.
0:31 of 2nd period - Mikael Backlund wins face-off versus Nathan MacKinnon in BUFFALO Sabres zone.
0:37 of 2nd period - Jaden Schwartz is hit by Conor Sheary and loses puck.
1:10 of 2nd period - Bryan Rust is hit by Nathan MacKinnon and loses puck.
1:24 of 2nd period - Icing by Seth Jones.
1:25 of 2nd period - Brayden Point wins face-off versus Mikael Backlund in TAMPA BAY Lightning zone.
1:35 of 2nd period - Minor Penalty to James Neal for Tripping.
1:36 of 2nd period - Ryan Kesler wins face-off versus Luke Glendening in BUFFALO Sabres zone.
1:43 of 2nd period - Shot by David Savard.
1:43 of 2nd period - Shot Misses the Net.
1:45 of 2nd period - Shot by Ryan Kesler.
1:45 of 2nd period - Shot Blocked by Brent Burns.
1:49 of 2nd period - Shot by Filip Forsberg.
1:49 of 2nd period - Shot Misses the Net.
1:51 of 2nd period - Shot by Filip Forsberg.
1:51 of 2nd period - Stopped by Braden Holtby without a rebound.
1:52 of 2nd period - Luke Glendening wins face-off versus Ryan Kesler in BUFFALO Sabres zone.
2:14 of 2nd period - Icing by Ryan Kesler.
2:15 of 2nd period - Luke Glendening wins face-off versus Ryan Kesler in TAMPA BAY Lightning zone.
2:28 of 2nd period - Shot by Brent Burns.
2:28 of 2nd period - Shot Blocked by Filip Forsberg.
4:43 of 2nd period - Minor Penalty to Mike Green for Hooking.
4:44 of 2nd period - Ryan Kesler wins face-off versus Luke Glendening in BUFFALO Sabres zone.
5:15 of 2nd period - Icing by Ryan Kesler.
5:16 of 2nd period - Ryan Kesler wins face-off versus Luke Glendening in TAMPA BAY Lightning zone.
5:35 of 2nd period - Shot by Brent Burns.
5:35 of 2nd period - Shot Misses the Net.
7:22 of 2nd period - Icing by Luca Sbisa.
7:23 of 2nd period - Nazem Kadri wins face-off versus David Backes in TAMPA BAY Lightning zone.
7:29 of 2nd period - Icing by Patrick Maroon.
7:30 of 2nd period - Henrik Zetterberg wins face-off versus David Backes in TAMPA BAY Lightning zone.
7:35 of 2nd period - Shot by Jaden Schwartz.
7:35 of 2nd period - Shot Misses the Net.
7:42 of 2nd period - Seth Jones is hit by Brent Burns and loses puck.
7:59 of 2nd period - Shot by Jaden Schwartz.
7:59 of 2nd period - Stopped by Calvin Pickard with a rebound.
8:07 of 2nd period - Shot by Jaden Schwartz.
8:07 of 2nd period - Stopped by Calvin Pickard without a rebound.
8:08 of 2nd period - Cedric Paquette wins face-off versus Nazem Kadri in TAMPA BAY Lightning zone.
9:04 of 2nd period - Icing by Ryan Ellis.
9:05 of 2nd period - Nazem Kadri wins face-off versus Mikael Backlund in BUFFALO Sabres zone.
9:26 of 2nd period - Shot by Bryan Rust.
9:26 of 2nd period - Shot Misses the Net.
9:29 of 2nd period - Icing by Jaden Schwartz.
9:30 of 2nd period - Ryan Kesler wins face-off versus Nathan MacKinnon in BUFFALO Sabres zone.
9:30 of 2nd period - Mats Zuccarello is hit by Brent Burns and loses puck.
9:55 of 2nd period - Shot by Nathan MacKinnon.
9:55 of 2nd period - Shot Blocked by Karl Alzner.
10:24 of 2nd period - Mats Zuccarello is hit by Brent Burns.
10:42 of 2nd period - Shot by Artemi Panarin.
10:42 of 2nd period - Stopped by Calvin Pickard without a rebound.
10:43 of 2nd period - David Backes wins face-off versus Brayden Point in TAMPA BAY Lightning zone.
10:50 of 2nd period - Shot by Patrick Maroon.
10:50 of 2nd period - Deflect By Danton Heinen.
10:50 of 2nd period - Stopped by Braden Holtby without a rebound.
10:51 of 2nd period - Mikael Backlund wins face-off versus Artemi Panarin in BUFFALO Sabres zone.
11:13 of 2nd period - Shot by Artemi Panarin.
11:13 of 2nd period - Shot Misses the Net.
12:26 of 2nd period - Shot by Mike Green.
12:26 of 2nd period - Shot Blocked by Brady Skjei.
12:30 of 2nd period - Shot by Nazem Kadri.
12:30 of 2nd period - Deflect By Tyler Johnson.
12:30 of 2nd period - Stopped by Calvin Pickard without a rebound.
12:31 of 2nd period - Nathan MacKinnon wins face-off versus Ryan Kesler in TAMPA BAY Lightning zone.
13:03 of 2nd period - Off-side.
13:04 of 2nd period - Bryan Rust wins face-off versus Brayden Point in neutral zone.
13:29 of 2nd period - Shot by Conor Sheary.
13:29 of 2nd period - Shot Misses the Net.
13:37 of 2nd period - Shot by Ryan Ellis.
13:37 of 2nd period - Shot Blocked by Luca Sbisa.
13:39 of 2nd period - Shot by Tyson Barrie.
13:39 of 2nd period - Shot Misses the Net.
13:41 of 2nd period - Shot by Tyson Barrie.
13:41 of 2nd period - Shot Blocked by Luca Sbisa.
13:45 of 2nd period - Shot by Tyson Barrie.
13:45 of 2nd period - Shot Hit the Post.
13:47 of 2nd period - Shot by Ryan Ellis.
13:47 of 2nd period - Stopped by Calvin Pickard with a rebound.
13:49 of 2nd period - Shot by Tyson Barrie.
13:49 of 2nd period - Stopped by Calvin Pickard without a rebound.
13:50 of 2nd period - Nathan MacKinnon wins face-off versus Ryan Kesler in TAMPA BAY Lightning zone.
13:52 of 2nd period - Minor Penalty to Nathan MacKinnon for Slashing.
13:53 of 2nd period - Luke Glendening wins face-off versus Mats Zuccarello in BUFFALO Sabres zone.
14:34 of 2nd period - Shot by Filip Forsberg.
14:34 of 2nd period - Shot Blocked by Brett Pesce.
15:20 of 2nd period - Shot by Seth Jones.
15:20 of 2nd period - Stopped by Braden Holtby without a rebound.
15:21 of 2nd period - Brayden Point wins face-off versus Mikael Backlund in BUFFALO Sabres zone.
15:31 of 2nd period - Off-side.
15:32 of 2nd period - Ryan Kesler wins face-off versus Brayden Point in neutral zone.
15:59 of 2nd period - Shot by David Backes.
15:59 of 2nd period - Stopped by Braden Holtby without a rebound.
16:00 of 2nd period - Brayden Point wins face-off versus David Backes in BUFFALO Sabres zone.
16:09 of 2nd period - Shot by Brayden Point.
16:09 of 2nd period - Stopped by Calvin Pickard without a rebound.
16:10 of 2nd period - Nazem Kadri wins face-off versus Mikael Backlund in TAMPA BAY Lightning zone.
16:19 of 2nd period - Shot by Tyler Johnson.
16:19 of 2nd period - Stopped by Calvin Pickard without a rebound.
16:20 of 2nd period - Nathan MacKinnon wins face-off versus Ryan Kesler in TAMPA BAY Lightning zone.
16:20 of 2nd period - John Klingberg is hit by Seth Jones.
17:04 of 2nd period - Nathan MacKinnon is hit by Luca Sbisa and loses puck.
17:24 of 2nd period - Shot by Brayden Point.
17:24 of 2nd period - Deflect By James Neal.
17:24 of 2nd period - Shot Misses the Net.
18:45 of 2nd period - Shot by Nazem Kadri.
18:45 of 2nd period - Shot Misses the Net.
19:18 of 2nd period - Off-side.
19:19 of 2nd period - Cedric Paquette wins face-off versus Nathan MacKinnon in neutral zone.
19:39 of 2nd period - Icing by Brandon Davidson.
19:40 of 2nd period - Cedric Paquette wins face-off versus Luke Glendening in TAMPA BAY Lightning zone.
19:48 of 2nd period - Icing by Brent Burns.
19:49 of 2nd period - Luke Glendening wins face-off versus David Backes in BUFFALO Sabres zone.
19:58 of 2nd period - Danton Heinen is hit by Vladimir Sobotka and loses puck.
Goals for this period are 0 for BUFFALO Sabres vs 0 for TAMPA BAY Lightning.
Shots for this period are 8 for BUFFALO Sabres vs 4 for TAMPA BAY Lightning.

3rd period


0:01 of 3rd period - Ryan Kesler wins face-off versus Nathan MacKinnon in neutral zone.
0:04 of 3rd period - Shot by Mats Zuccarello.
0:04 of 3rd period - Stopped by Braden Holtby with a rebound.
0:06 of 3rd period - Shot by Mats Zuccarello.
0:06 of 3rd period - Stopped by Braden Holtby with a rebound.
0:08 of 3rd period - Shot by Ryan Kesler.
0:08 of 3rd period - Shot Misses the Net.
0:23 of 3rd period - Icing by Brady Skjei.
0:24 of 3rd period - James Neal wins face-off versus Ryan Kesler in TAMPA BAY Lightning zone.
0:27 of 3rd period - Shot by Artemi Panarin.
0:27 of 3rd period - Shot Blocked by Filip Forsberg.
1:14 of 3rd period - Off-side.
1:15 of 3rd period - Nathan MacKinnon wins face-off versus Mikael Backlund in neutral zone.
1:42 of 3rd period - Shot by Nathan MacKinnon.
1:42 of 3rd period - Deflect By Jaden Schwartz.
1:42 of 3rd period - Stopped by Calvin Pickard without a rebound.
1:43 of 3rd period - Nazem Kadri wins face-off versus David Backes in TAMPA BAY Lightning zone.
2:24 of 3rd period - Shot by David Backes.
2:24 of 3rd period - Shot Misses the Net.
2:32 of 3rd period - Karl Alzner is hit by Elias Lindholm and loses puck.
2:46 of 3rd period - Brandon Davidson is hit by Brent Burns and loses puck.
3:03 of 3rd period - Shot by Nathan MacKinnon.
3:03 of 3rd period - Stopped by Calvin Pickard without a rebound.
3:04 of 3rd period - Ryan Kesler wins face-off versus Brayden Point in TAMPA BAY Lightning zone.
3:28 of 3rd period - Shot by Ryan Kesler.
3:28 of 3rd period - Stopped by Braden Holtby without a rebound.
3:29 of 3rd period - Nathan MacKinnon wins face-off versus Mikael Backlund in BUFFALO Sabres zone.
3:54 of 3rd period - Icing by John Klingberg.
3:55 of 3rd period - Ryan Kesler wins face-off versus Nathan MacKinnon in BUFFALO Sabres zone.
3:56 of 3rd period - Shot by Mats Zuccarello.
3:56 of 3rd period - Stopped by Braden Holtby without a rebound.
3:57 of 3rd period - Ryan Kesler wins face-off versus Brayden Point in BUFFALO Sabres zone.
4:02 of 3rd period - Shot by Filip Forsberg.
4:02 of 3rd period - Shot Misses the Net.
4:08 of 3rd period - Shot by Ryan Kesler.
4:08 of 3rd period - Shot Blocked by Ryan Ellis.
4:10 of 3rd period - Shot by Luca Sbisa.
4:10 of 3rd period - Stopped by Braden Holtby without a rebound.
4:11 of 3rd period - Mikael Backlund wins face-off versus Nathan MacKinnon in BUFFALO Sabres zone.
4:17 of 3rd period - Conor Sheary is hit by Brent Burns and loses puck.
4:31 of 3rd period - Minor Penalty to Brent Burns for Roughing.
4:32 of 3rd period - Luke Glendening wins face-off versus Filip Forsberg in BUFFALO Sabres zone.
4:32 of 3rd period - Luke Glendening is hit by Filip Forsberg.
5:35 of 3rd period - Brett Pesce is hit by Mikael Backlund and loses puck.
5:56 of 3rd period - Shot by David Savard.
5:56 of 3rd period - Shot Hit the Post.
5:58 of 3rd period - Shot by Bryan Rust.
5:58 of 3rd period - Shot Misses the Net.
6:00 of 3rd period - Shot by Bryan Rust.
6:00 of 3rd period - Goal by Bryan Rust - BUFFALO Sabres : 3 - TAMPA BAY Lightning : 2.
6:01 of 3rd period - Nathan MacKinnon wins face-off versus David Backes in neutral zone.
8:15 of 3rd period - Elias Lindholm is hit by Ryan Kesler and loses puck.
8:30 of 3rd period - Shot by Mikael Backlund.
8:30 of 3rd period - Shot Misses the Net.
8:34 of 3rd period - Shot by Bryan Rust.
8:34 of 3rd period - Deflect By Mikael Backlund.
8:34 of 3rd period - Stopped by Braden Holtby without a rebound.
8:35 of 3rd period - Luke Glendening wins face-off versus Danton Heinen in BUFFALO Sabres zone.
8:40 of 3rd period - Off-side.
8:41 of 3rd period - Mikael Backlund wins face-off versus Nathan MacKinnon in neutral zone.
9:13 of 3rd period - Minor Penalty to Brandon Davidson for Hooking.
9:14 of 3rd period - Brayden Point wins face-off versus Mikael Backlund in TAMPA BAY Lightning zone.
9:19 of 3rd period - Shot by Mike Green.
9:19 of 3rd period - Shot Misses the Net.
9:21 of 3rd period - Shot by Tyson Barrie.
9:21 of 3rd period - Stopped by Calvin Pickard without a rebound.
9:22 of 3rd period - Mikael Backlund wins face-off versus Brayden Point in TAMPA BAY Lightning zone.
9:35 of 3rd period - Shot by Artemi Panarin.
9:35 of 3rd period - Shot Misses the Net.
9:37 of 3rd period - Shot by Artemi Panarin.
9:37 of 3rd period - Shot Misses the Net.
9:43 of 3rd period - Shot by Artemi Panarin.
9:43 of 3rd period - Stopped by Calvin Pickard with a rebound.
9:45 of 3rd period - Shot by Brayden Point.
9:45 of 3rd period - Shot Misses the Net.
9:47 of 3rd period - Shot by Tyson Barrie.
9:47 of 3rd period - Shot Blocked by Seth Jones.
9:51 of 3rd period - Shot by Artemi Panarin.
9:51 of 3rd period - Shot Misses the Net.
9:53 of 3rd period - Shot by Artemi Panarin.
9:53 of 3rd period - Shot Misses the Net.
11:32 of 3rd period - Shot by Elias Lindholm.
11:32 of 3rd period - Stopped by Calvin Pickard without a rebound.
11:33 of 3rd period - Vladimir Sobotka wins face-off versus David Backes in TAMPA BAY Lightning zone.
11:48 of 3rd period - Brett Pesce is hit by Brandon Davidson and loses puck.
12:34 of 3rd period - James Neal is hit by Seth Jones.
13:07 of 3rd period - Icing by Brent Burns.
13:08 of 3rd period - Brayden Point wins face-off versus Mikael Backlund in BUFFALO Sabres zone.
13:08 of 3rd period - Brayden Point is hit by Bryan Rust.
13:24 of 3rd period - Ryan Ellis is hit by Conor Sheary and loses puck.
14:50 of 3rd period - Danton Heinen is hit by Elias Lindholm and loses puck.
15:29 of 3rd period - Icing by Seth Jones.
15:30 of 3rd period - Brayden Point wins face-off versus Ryan Kesler in TAMPA BAY Lightning zone.
15:35 of 3rd period - Shot by Brayden Point.
15:35 of 3rd period - Shot Blocked by Luca Sbisa.
16:01 of 3rd period - Icing by Artemi Panarin.
16:02 of 3rd period - Conor Sheary wins face-off versus Brayden Point in BUFFALO Sabres zone.
16:20 of 3rd period - Bryan Rust is hit by John Klingberg and loses puck.
16:27 of 3rd period - Shot by Conor Sheary.
16:27 of 3rd period - Shot Misses the Net.
16:33 of 3rd period - Shot by Bryan Rust.
16:33 of 3rd period - Stopped by Braden Holtby with a rebound.
16:35 of 3rd period - Shot by David Savard.
16:35 of 3rd period - Shot Blocked by James Neal.
16:37 of 3rd period - Shot by Mikael Backlund.
16:37 of 3rd period - Shot Misses the Net.
16:57 of 3rd period - Shot by William Carrier.
16:57 of 3rd period - Stopped by Braden Holtby without a rebound.
16:58 of 3rd period - Mats Zuccarello wins face-off versus Nathan MacKinnon in BUFFALO Sabres zone.
17:34 of 3rd period - Nathan MacKinnon is hit by Luca Sbisa and loses puck.
17:44 of 3rd period - Icing by Seth Jones.
17:45 of 3rd period - Tyler Johnson wins face-off versus Ryan Kesler in TAMPA BAY Lightning zone.
17:53 of 3rd period - Shot by Nazem Kadri.
17:53 of 3rd period - Stopped by Calvin Pickard with a rebound.
17:55 of 3rd period - Shot by Brett Pesce.
17:55 of 3rd period - Shot Misses the Net.
17:57 of 3rd period - Shot by Brett Pesce.
17:57 of 3rd period - Shot Misses the Net.
17:59 of 3rd period - Shot by Nazem Kadri.
17:59 of 3rd period - Shot Misses the Net.
18:33 of 3rd period - TAMPA BAY Lightning, Calvin Pickard is pulled from the net.
18:57 of 3rd period - Shot by Mikael Backlund.
18:57 of 3rd period - Stopped by Braden Holtby without a rebound.
18:58 of 3rd period - David Backes wins face-off versus Nathan MacKinnon in BUFFALO Sabres zone.
19:35 of 3rd period - Shot by Nathan MacKinnon.
19:35 of 3rd period - Shot Misses the Net.
19:37 of 3rd period - Shot by Brent Burns.
19:37 of 3rd period - Goal by Brent Burns - BUFFALO Sabres : 4 - TAMPA BAY Lightning : 2.
19:37 of 3rd period - Calvin Pickard from TAMPA BAY Lightning was sent back in the game.
19:38 of 3rd period - Mikael Backlund wins face-off versus Brayden Point in neutral zone.
19:42 of 3rd period - David Savard is hit by Tyson Barrie and loses puck.
19:50 of 3rd period - Minor Penalty to James Neal for Tripping.
19:51 of 3rd period - Ryan Kesler wins face-off versus Luke Glendening in BUFFALO Sabres zone.
Goals for this period are 1 for BUFFALO Sabres vs 1 for TAMPA BAY Lightning.
Shots for this period are 7 for BUFFALO Sabres vs 10 for TAMPA BAY Lightning.